Map: Blackburn LE

Players

GunGFuBanDa - Winner!

  • Race: Protoss Protoss
  • League: Grandmaster

Lambo

  • Race: Zerg Zerg
  • League: Grandmaster

Event: DreamHack SC2 Masters 2021 Summer

VOD

Have the link to the VOD?

Description

Time

  • Played on: June 3, 2021, 11:50 a.m.
  • Length: 17:21

All games in this series

Show
View Real Time Build Order
Export as new Build Order

GunGFuBanDa Protoss - Winner!

Build Orders: 1 Gate Expand, Phoenix Opening, Chargelot Immortal 

Get SALT Encoding   

  12  0:00  Probe  
  13  0:12  Probe  
  14  0:18  Pylon  
  14  0:24  Probe (Chrono Boost)  
  15  0:36  Probe (Chrono Boost)  
  15  0:38  Gateway  
  16  0:45  Probe (Chrono Boost)  
  16  0:47  Assimilator  
  17  0:51  Probe  
  18  1:03  Probe  
  19  1:20  Nexus  
  19  1:30  Cybernetics Core  
  19  1:33  Probe (Chrono Boost)  
  19  1:38  Assimilator  
  20  1:42  Probe (Chrono Boost)  
  21  1:48  Probe (Chrono Boost)  
  21  1:52  Pylon  
  22  2:00  Probe  
  23  2:07  Adept (Chrono Boost)  
  23  2:12  Probe  
  26  2:15  Stargate  
  26  2:23  Warp Gate  
  26  2:25  Probe (Chrono Boost)  
  27  2:30  Adept  
  27  2:32  Probe (Chrono Boost)  
  31  2:41  Probe (Chrono Boost)  
  31  2:42  Probe (Chrono Boost)  
  32  2:47  Probe (Chrono Boost)  
  32  2:48  Probe  
  34  2:59  Probe, Phoenix (Chrono Boost)  
  34  3:00  Probe  
  38  3:09  Gateway  
  38  3:11  Probe  
  40  3:12  Probe  
  40  3:21  Phoenix (Chrono Boost)  
  40  3:23  Probe  
  40  3:24  Probe  
  40  3:26  Pylon  
  44  3:35  Probe  
  44  3:37  Probe  
  46  3:43  Phoenix (Chrono Boost)  
  46  3:47  Probe  
  49  3:48  Pylon  
  49  3:49  Probe  
  50  3:59  Probe, Phoenix  
  50  4:01  Probe, Pylon  
  53  4:04  Pylon  
  53  4:11  Probe  
  54  4:19  Probe  
  54  4:23  Probe  
  54  4:24  Zealot x2  
  60  4:26  Phoenix (Chrono Boost)  
  62  4:31  Probe  
  62  4:36  Nexus  
  63  4:39  Pylon  
  63  4:44  Probe  
  63  4:45  Probe  
  65  4:47  Assimilator  
  65  4:48  Assimilator  
  65  4:55  Robotics Facility  
  65  4:57  Robotics Facility  
  65  4:59  Pylon  
  65  5:01  Shield Battery  
  65  5:02  Adept  
  65  5:03  Adept  
  69  5:07  Probe  
  69  5:08  Probe  
  71  5:14  Forge  
  71  5:16  Pylon  
  71  5:19  Probe  
  71  5:20  Probe  
  73  5:32  Probe x2 (Chrono Boost), Zealot, Sentry  
  85  5:43  Probe (Chrono Boost)  
  85  5:44  Probe (Chrono Boost)  
  85  5:48  Probe (Chrono Boost)  
  85  5:49  Probe (Chrono Boost), Immortal (Chrono Boost)  
  86  5:51  Probe  
  86  5:54  Immortal (Chrono Boost)  
  92  5:58  Probe  
  92  6:00  Probe  
  92  6:03  Protoss Ground Weapons Level 1 (Chrono Boost), Twilight Council  
  95  6:04  Gateway  
  95  6:06  Gateway  
  95  6:10  Sentry  
  97  6:11  Probe x2  
  98  6:20  Probe  
  98  6:22  Assimilator  
  98  6:23  Immortal (Chrono Boost)  
  98  6:25  Observer (Chrono Boost)  
  100  6:27  Assimilator  
  104  6:38  Probe x3  
  107  6:50  Immortal (Chrono Boost)  
  109  6:58  Gateway  
  109  7:00  Charge  
  109  7:01  Templar Archives, Gateway  
  109  7:04  Photon Cannon  
  109  7:06  Pylon  
  109  7:12  Pylon  
  109  7:14  Pylon  
  109  7:15  Pylon  
  109  7:20  Gateway  
  109  7:25  Gateway  
  109  7:26  Pylon, Immortal (Chrono Boost)  
  115  7:30  Warp Prism (Chrono Boost)  
  115  7:31  Psionic Storm  
  115  7:41  Nexus  
  115  7:42  Pylon  
  115  7:48  High Templar x4  
  123  7:54  Pylon  
  123  7:58  Warp Prism  
  125  8:07  Probe  
  125  8:11  High Templar  
  126  8:14  Photon Cannon  
  126  8:15  Photon Cannon  
  126  8:19  Photon Cannon, Protoss Ground Weapons Level 2 (Chrono Boost)  
  126  8:21  Shield Battery  
  126  8:24  Immortal  
  131  8:34  Probe x3  
  131  8:37  Fleet Beacon  
  131  8:44  Zealot x8  
  145  8:54  Immortal  
  141  9:03  Immortal  
  141  9:08  Zealot x5  
  153  9:15  Zealot x7  
  151  9:18  High Templar  
  151  9:20  Probe x2, Photon Cannon  
  155  9:25  Probe  
  154  9:35  High Templar  
  154  9:36  High Templar x3  
  154  9:37  High Templar  
  164  9:38  High Templar  
  164  9:39  Zealot  
  164  9:43  Photon Cannon, Archon  
  164  9:44  Photon Cannon  
  148  10:04  Zealot x2  
  148  10:05  Archon x3  
  148  10:06  Archon  
  138  10:14  Immortal  
  138  10:20  High Templar x3  
  140  10:23  Probe x2  
  140  10:24  Photon Cannon, Assimilator  
  140  10:25  Shield Battery, Assimilator  
  140  10:27  Photon Cannon  
  142  10:28  Shield Battery  
  142  10:29  Probe x2, Photon Cannon  
  142  10:35  High Templar x2  
  148  10:38  Shield Battery  
  148  10:41  Zealot x3  
  154  10:43  Protoss Ground Weapons Level 3 (Chrono Boost)  
  154  10:51  Probe x2  
  156  10:58  High Templar  
  156  10:59  High Templar  
  154  11:15  Protoss Air Weapons Level 1 (Chrono Boost)  
  154  11:19  Pylon, Stargate  
  154  11:22  Zealot x6  
  154  11:24  Nexus  
  166  11:26  Gateway, Pylon  
  166  11:27  Gateway  
  166  11:31  Gateway  
  164  11:33  Gateway  
  164  11:36  Carrier (Chrono Boost)  
  158  11:55  Zealot  
  158  11:57  Blink  
  158  11:59  Dark Shrine  
  160  12:07  Photon Cannon, Nexus  
  160  12:08  Shield Battery, Mothership (Chrono Boost)  
  160  12:09  Carrier (Chrono Boost)  
  160  12:11  Pylon  
  174  12:24  Zealot x10  
  174  12:39  Probe x2  
  174  12:40  Carrier (Chrono Boost)  
  174  12:41  Assimilator  
  171  12:48  Zealot  
  171  12:49  Zealot x5  
  173  13:01  Pylon  
  169  13:05  Protoss Air Weapons Level 2 (Chrono Boost)  
  169  13:09  Probe  
  169  13:10  High Templar x2  
  169  13:11  High Templar x2  
  178  13:13  Carrier (Chrono Boost)  
  178  13:17  Protoss Shields Level 1, Archon x2  
  184  13:20  High Templar  
  184  13:21  Photon Cannon  
  190  13:27  Probe x2 (Chrono Boost)  
  190  13:29  Probe x2 (Chrono Boost)  
  190  13:35  Assimilator  
  190  13:39  Probe (Chrono Boost)  
  191  13:45  Zealot x4  
  191  13:46  Zealot  
  196  13:56  Observer  
  196  14:00  Shield Battery  
  196  14:01  Shield Battery  
  196  14:09  Dark Templar x3  
  200  14:24  Assimilator  
  200  14:32  Nexus  
  200  14:35  Probe, Pylon  
  185  14:52  High Templar x3  
  171  14:54  Probe x2  
  151  15:00  Archon  
  151  15:04  Zealot x9  
  141  15:26  Zealot x7  
  141  15:27  Zealot x3  
  139  15:48  High Templar x5  
  139  15:49  High Templar  
  151  15:50  High Templar, Warp Prism (Chrono Boost)  
  151  15:51  High Templar x4  
  151  15:52  High Templar  
  151  15:55  Archon x2  
  151  15:56  Archon  
  166  16:02  Observer (Chrono Boost)  
  166  16:04  Probe  
  167  16:07  Photon Cannon  
  166  16:18  Observer  
  164  16:33  Zealot x10  
  164  16:34  Zealot x2  
  164  16:38  Nexus  
  170  16:47  Assimilator  
  170  16:48  Assimilator  
  170  16:58  High Templar x2  
  170  16:59  High Templar x4, Zealot, Sentry  
  170  17:00  Zealot  
  188  17:02  Archon x2  
  188  17:03  Archon  
  186  17:17  Archon  
Show
View Real Time Build Order
Export as new Build Order

Lambo Zerg 

Build Orders: Hatch First 

Get SALT Encoding   

  12  0:00  Drone  
  13  0:12  Overlord  
  13  0:16  Drone  
  14  0:30  Drone x2  
  16  0:48  Hatchery  
  15  0:51  Drone  
  15  0:55  Drone  
  17  0:58  Drone  
  18  1:09  Extractor  
  17  1:13  Spawning Pool  
  17  1:17  Drone  
  17  1:20  Drone  
  18  1:28  Drone  
  19  1:43  Drone  
  20  1:51  Drone  
  21  2:00  Queen x2  
  26  2:01  Zergling x2  
  26  2:02  Overlord  
  26  2:12  Metabolic Boost, Zergling x2  
  27  2:16  Drone  
  28  2:23  Drone x2  
  30  2:34  Hatchery  
  30  2:36  Drone  
  30  2:43  Drone x2  
  32  2:45  Overlord  
  32  2:52  Queen  
  32  2:54  Drone  
  35  3:01  Drone  
  36  3:06  Queen  
  36  3:11  Drone x2  
  36  3:12  Zergling x4  
  42  3:16  Zergling x2  
  42  3:19  Drone  
  44  3:20  Spore Crawler  
  44  3:25  Overlord  
  44  3:26  Overlord  
  43  3:34  Drone  
  44  3:36  Overlord  
  44  3:44  Queen  
  44  3:45  Spore Crawler  
  44  3:46  Drone  
  44  3:47  Drone  
  47  3:50  Drone x2  
  49  3:56  Queen  
  49  3:57  Drone  
  52  4:04  Drone x3  
  52  4:06  Drone  
  52  4:08  Drone  
  52  4:09  Drone  
  58  4:15  Roach Warren  
  58  4:16  Drone  
  58  4:19  Overlord  
  58  4:21  Drone  
  58  4:23  Drone  
  60  4:24  Drone  
  60  4:30  Overlord x2  
  61  4:37  Overlord  
  61  4:41  Drone x5  
  66  4:48  Overlord  
  66  4:49  Drone x2  
  66  4:51  Spore Crawler  
  67  4:55  Drone x5  
  72  5:00  Lair  
  72  5:02  Drone x2  
  72  5:06  Drone x3  
  77  5:11  Extractor  
  77  5:13  Extractor  
  75  5:15  Hatchery  
  75  5:17  Queen  
  75  5:20  Drone x2  
  78  5:21  Drone  
  78  5:22  Drone  
  78  5:26  Drone x3  
  78  5:27  Extractor  
  82  5:29  Extractor  
  82  5:30  Extractor  
  82  5:31  Drone x3  
  82  5:33  Drone x2  
  82  5:34  Overlord  
  85  5:37  Overlord  
  85  5:39  Drone x2  
  87  5:45  Overlord  
  86  5:55  Overlord  
  87  5:57  Drone  
  87  6:00  Roach x3  
  87  6:01  Overlord, Roach x2  
  97  6:08  Drone x8  
  97  6:09  Hydralisk Den  
  104  6:15  Roach x3  
  104  6:16  Spore Crawler  
  108  6:21  Queen  
  108  6:23  Overlord  
  110  6:32  Overseer  
  109  6:34  Drone x7  
  109  6:35  Baneling Nest  
  109  6:37  Roach x2  
  109  6:38  Roach x2  
  122  6:45  Muscular Augments  
  122  6:50  Hydralisk  
  122  6:51  Hydralisk x3  
  125  6:56  Hydralisk x2  
  127  7:04  Hydralisk x4  
  127  7:06  Extractor  
  127  7:08  Hydralisk  
  133  7:10  Hydralisk  
  133  7:14  Drone  
  133  7:15  Drone x3  
  141  7:16  Drone, Evolution Chamber  
  141  7:17  Drone  
  141  7:19  Drone  
  141  7:22  Overlord  
  143  7:24  Zergling x2  
  143  7:25  Overlord  
  143  7:26  Centrifical Hooks  
  143  7:27  Overlord  
  144  7:31  Overlord  
  144  7:38  Overlord  
  144  7:39  Overlord  
  144  7:40  Hydralisk x2  
  144  7:41  Hydralisk  
  144  7:43  Drone, Infestation Pit  
  144  7:44  Drone  
  151  7:45  Drone x2  
  151  7:47  Zergling x2  
  151  7:48  Zergling x6  
  157  7:53  Zergling x14  
  157  7:56  Zerg Missile Weapons Level 1, Grooved Spines  
  157  7:58  Drone  
  165  7:59  Evolution Chamber  
  165  8:00  Ravager x5  
  165  8:01  Zergling x2, Ravager  
  170  8:06  Zergling x2  
  170  8:07  Zergling x10  
  179  8:12  Zergling x10  
  179  8:13  Zergling x2  
  179  8:16  Zergling x4  
  182  8:21  Hive  
  182  8:24  Zergling x10  
  187  8:29  Baneling x12  
  187  8:34  Baneling x12  
  187  8:37  Zergling x2  
  187  8:38  Zergling x6  
  191  8:42  Zergling x2  
  191  8:50  Hydralisk x2  
  185  8:57  Hydralisk x4  
  185  9:02  Zergling x8  
  191  9:07  Zergling x2  
  191  9:08  Zergling x6  
  189  9:20  Hatchery, Zergling x2  
  189  9:21  Zergling x6  
  192  9:29  Spire, Overlord  
  188  9:33  Baneling x11, Overlord  
  188  9:36  Zergling x6  
  188  9:37  Baneling  
  188  9:38  Baneling x4  
  191  9:43  Zergling x8  
  191  9:45  Zergling x8  
  191  9:46  Extractor  
  191  9:47  Zergling x6  
  191  9:48  Zergling x16  
  191  9:51  Pneumatized Carapace  
  192  9:56  Zergling x10  
  192  9:58  Hydralisk x2  
  178  10:01  Hydralisk x3  
  178  10:03  Hydralisk  
  149  10:10  Hydralisk x2  
  146  10:16  Zerg Missile Weapons Level 2  
  146  10:17  Zerg Melee Weapons Level 1  
  146  10:18  Drone x4  
  144  10:23  Baneling x6  
  144  10:25  Hydralisk  
  144  10:27  Baneling x2  
  146  10:33  Hydralisk x3  
  152  10:39  Hydralisk x2  
  156  10:49  Hydralisk x3, Greater Spire  
  156  10:51  Drone x5  
  167  10:59  Baneling x6  
  167  11:00  Zergling x10  
  172  11:04  Drone x5  
  172  11:09  Zergling x8  
  181  11:15  Zergling x12  
  187  11:18  Queen  
  187  11:22  Baneling x10  
  187  11:44  Drone x8  
  188  11:47  Corruptor x4  
  188  11:54  Spine Crawler, Spore Crawler  
  193  12:02  Corruptor x3  
  199  12:10  Extractor  
  199  12:12  Extractor  
  197  12:25  Hatchery  
  189  12:33  Zergling x36  
  191  12:38  Zergling x14  
  191  12:42  Drone x3  
  196  12:47  Hydralisk x2  
  198  12:52  Baneling x12  
  198  12:57  Zergling x14  
  200  12:58  Overlord  
  200  13:02  Zerg Melee Weapons Level 2  
  200  13:03  Zerg Missile Weapons Level 3  
  200  13:05  Overlord  
  200  13:10  Baneling x3  
  200  13:15  Baneling x6  
  200  13:18  Zerg Flyer Armor Level 1  
  200  13:42  Adrenal Glands  
  200  13:44  Overseer  
  200  13:46  Spine Crawler x2  
  194  14:10  Overseer  
  194  14:11  Overseer  
  194  14:12  Overseer x3  
  194  14:14  Zergling x10  
  199  14:17  Baneling x7  
  199  14:36  Zergling x2  
  199  14:45  Hydralisk x14  
  176  14:49  Hydralisk x8  
  197  14:53  Hydralisk  
  197  14:59  Hydralisk  
  181  15:00  Hydralisk x9  
  181  15:08  Hydralisk x5  
  181  15:12  Zerg Flyer Weapons Level 1  
  181  15:18  Zergling x6  
  139  15:29  Overseer  
  127  15:38  Drone x7  
  126  15:44  Viper  
  126  15:46  Baneling  
  126  15:47  Baneling x2  
  126  15:51  Baneling x3  
  126  15:57  Zergling x4  
  126  16:04  Zergling x4  
  130  16:15  Zergling x10  
  130  16:17  Baneling  
  130  16:18  Baneling  
  132  16:25  Drone x2  
  101  16:40  Drone x5  
  100  16:49  Viper  
  103  16:55  Zergling x2  
  103  16:58  Baneling  
  103  16:59  Baneling  
  104  17:03  Zergling x2  
Tags
 
Add a new tag
Caveats
  • Supply blocks, unpowered buildings, or Contaminate may cause inaccurate times.
  • Supply counts are checked every 10 seconds.